Sharks vs Flyers

Created - 31 octobre 2016 at 19:14

Goals
1 2 3 T
Sharks 3 0 0 3
Flyers 0 0 1 1
Shots
1 2 3 T
Sharks 11 1 4 16
Flyers 9 5 13 27

1st period

1. Sharks , Ryane Clowe 2 (Andrej Sekera, Brad Boyes) at 7:57
2. Sharks , Mike Green 2 (Greg Campbell, Martin Erat) at 18:41
3. Sharks , Martin Erat 1 (Mike Green, Greg Campbell) at 19:45

Penalties :
Cal Clutterbuck (SJS) for Holding (Minor) at 2:55, Brad Boyes (SJS) for Goalie Interference (Minor) at 16:23

2nd period

No Goal

Penalties :
T.J. Hensick (SJS) for Tripping (Minor) at 5:36

3rd period

4. Flyers , Jeff Carter 3 (Alexei Morozov, Nathan Paetsch) at 14:30

Penalties :
Boris Valabik (SJS) for Holding (Minor) at 3:55, Victor Bartley (Phi) for Hooking (Minor) at 18:18

Goalie Stats

Cam Ward (SJS), 26 saves from 27 shots - (0,963), W, 2-1-0, 60:00 minutes
Viktor Fasth (Phi), 13 saves from 16 shots - (0,813), L, 1-1-0, 60:00 minutes

Players Stats for Sharks

Player Name              G  A  P  +/- PIM S  H  SB GA TA FO     MP     PP MP  PK MP  
------------------------------------------------------------------------------------
Andrej Sekera            0  1  1   0  0   0  0  0  0  1  0/0    13:55   0:00   0:41 
Antoine Vermette         0  0  0   0  0   1  3  0  1  1  7/12   18:19   0:48   2:46 
Boris Valabik            0  0  0   0  2   0  0  1  0  0  0/0    14:18   0:00   0:41 
Brad Boyes               0  1  1   0  2   5  1  0  0  0  0/0    19:57   0:53   2:13 
Cal Clutterbuck          0  0  0   0  2   1  1  0  0  0  0/0    15:42   0:48   0:00 
David Legwand            0  0  0   0  0   1  2  0  0  2  8/23   22:50   0:53   3:11 
Greg Campbell            0  2  2   2  0   0  1  0  0  0  5/8    13:30   0:00   0:47 
Kevin Shattenkirk        0  0  0   2  0   1  0  2  2  1  0/0    26:12   1:02   3:44 
Mark Streit              0  0  0   0  0   1  1  0  1  0  0/0    19:59   0:39   3:31 
Martin Erat              1  1  2   2  0   3  2  0  2  1  0/0    13:12   0:00   0:00 
Mike Green               1  1  2   2  0   1  0  0  1  2  0/0    26:12   1:02   3:44 
Oskar Osala              0  0  0   2  0   0  0  1  0  0  0/0    13:26   0:00   0:09 
Patrick O'Sullivan       0  0  0   0  0   0  0  0  0  0  1/1     3:35   0:00   0:18 
Ryane Clowe              1  0  1   0  0   1  1  0  0  1  0/0    21:25   0:53   2:37 
Steve McCarthy           0  0  0   0  0   0  0  0  0  1  0/0    19:53   0:39   3:31 
T.J. Hensick             0  0  0   0  2   1  1  0  0  0  0/0     7:21   0:00   1:23 
Troy Brouwer             0  0  0   0  0   0  0  0  0  2  0/0     6:49   0:00   1:40 
Tuomo Ruutu              0  0  0   0  0   0  0  0  0  0  0/2    15:25   0:48   0:48 

Players Stats for Flyers

Player Name              G  A  P  +/- PIM S  H  SB GA TA FO     MP     PP MP  PK MP  
------------------------------------------------------------------------------------
Alex Killorn             0  0  0  -2  0   1  2  0  0  0  0/0    10:43   0:09   0:00 
Alexei Morozov           0  1  1   0  0   1  1  0  1  1  1/2    19:19   4:09   0:00 
Chris Kreider            0  0  0   0  0   2  2  0  0  1  0/0    19:30   2:49   0:28 
Dany Heatley             0  0  0   0  0   1  0  0  0  0  1/1    19:13   4:12   0:00 
Jeff Carter              1  0  1   0  0   6  0  0  3  0  9/15   19:46   4:09   0:42 
Jeff O'Neill             0  0  0   0  0   1  1  0  0  1  3/4     9:32   0:47   0:10 
Jeff Woywitka            0  0  0  -1  0   0  0  1  0  1  0/0    23:35   3:43   0:51 
Jonathan Ericsson        0  0  0  -1  0   2  1  2  0  0  0/0    23:29   3:43   0:51 
Kyle Wellwood            0  0  0   0  0   3  2  0  1  0  9/18   19:08   2:49   0:00 
Loui Eriksson            0  0  0   0  0   0  0  0  1  0  1/1    19:23   2:49   0:00 
Mats Zuccarello          0  0  0  -2  0   1  3  0  1  0  0/0    11:48   0:11   1:03 
Matt Smaby               0  0  0  -1  0   2  5  2  1  2  0/0    22:08   3:07   0:50 
Matthew Lombardi         0  0  0  -2  0   3  0  1  1  0  1/5    11:34   0:11   0:49 
Nathan Paetsch           0  1  1   0  0   0  2  0  0  0  0/0    14:51   1:07   0:50 
Pavel Kubina             0  0  0  -1  0   2  0  0  2  1  0/0    21:34   3:11   0:00 
Rostislav Olesz          0  0  0   0  0   1  2  0  0  0  0/0     9:23   0:46   0:10 
Stefan Ruzicka           0  0  0   0  0   1  1  0  1  0  0/0     9:23   0:47   0:00 
Victor Bartley           0  0  0   0  2   0  1  1  0  0  0/0    13:59   1:01   0:00 

3 Stars

1 - Martin Erat (SJS)
2 - Mike Green (SJS)
3 - Cam Ward (SJS)

Power Play

Sharks - 0 on 1 Attempt(s) - 0,00%
Flyers - 0 on 4 Attempt(s) - 0,00%

Penalty Kill

Sharks - 4 on 4 Attempt(s) - 100,00% - Score 0 goal in Penalty Kill
Flyers - 1 on 1 Attempt(s) - 100,00% - Score 0 goal in Penalty Kill

Team Stat

Sharks - Hits : 13 - Faceoff Wins : 21 - Blocked Shots : 4 - Penalty Minutes : 8
Flyers - Hits : 23 - Faceoff Wins : 25 - Blocked Shots : 7 - Penalty Minutes : 2

Official

Referees : Hebert Ghislain and Kowal Tom
Linesman : Mike Cvik and Brad Lazarowich

Game Notes

No Game Note

Finance

Level 1 -- Attendance: 6000 (100,00%) -- Ticket Income 510 000 $
Level 2 -- Attendance: 5000 (100,00%) -- Ticket Income 250 000 $
Level 3 -- Attendance: 1970 (98,50%) -- Ticket Income 59 100 $
Level 4 -- Attendance: 3886 (97,15%) -- Ticket Income 77 720 $
Luxury Box -- Attendance: 1000 (100,00%) -- Ticket Income 165 000 $
Game was played at the Wells Fargo Center.
Total Attendance: 17856 (99,20%)
Total Ticket Income: 1 061 820 $
Other Income: 159 273 $
Total Income: 1 221 093 $

Sharks

5 vs 5 Forward 
   Center                   Left Wing                Right Wing               Time % Phy DF OF 
 1 David Legwand            Ryane Clowe              Brad Boyes               40     1   2  2  
 2 Antoine Vermette         Tuomo Ruutu              Cal Clutterbuck          30     1   2  2  
 3 Greg Campbell            Oskar Osala              Martin Erat              20     1   2  2  
 4 T.J. Hensick             Troy Brouwer             David Legwand            10     1   2  2  

5 vs 5 Defense 
   Defense                  Defense                                           Time % Phy DF OF 
 1 Mike Green               Kevin Shattenkirk                                 40     1   2  2  
 2 Steve McCarthy           Mark Streit                                       30     1   2  2  
 3 Andrej Sekera            Boris Valabik                                     20     1   2  2  
 4 Mike Green               Kevin Shattenkirk                                 10     1   2  2  

PowerPlay Forward 
   Center                   Left Wing                Right Wing               Time % Phy DF OF 
 1 David Legwand            Ryane Clowe              Brad Boyes               60     1   2  2  
 2 Antoine Vermette         Tuomo Ruutu              Cal Clutterbuck          40     1   2  2  

PowerPlay Defense
   Defense                  Defense                                           Time % Phy DF OF 
 1 Mike Green               Kevin Shattenkirk                                 60     1   2  2  
 2 Steve McCarthy           Mark Streit                                       40     1   2  2  

Penalty Kill 4 Players Forward 
   Center                   Wing                     Time % Phy DF OF 
 1 David Legwand            Brad Boyes               60     1   2  2  
 2 Antoine Vermette         Ryane Clowe              40     1   2  2  

Penalty Kill 4 Players Defense
   Defense                  Defense                  Time % Phy DF OF 
 1 Mike Green               Kevin Shattenkirk        60     1   2  2  
 2 Steve McCarthy           Mark Streit              40     1   2  2  

Penalty Kill - 3 Players Forward 
   Forward                                           Time % Phy DF OF 
 1 David Legwand                                     60     1   2  2  
 2 Brad Boyes                                        40     1   2  2  

Penalty Kill - 3 Players Defense
   Defense                  Defense                  Time % Phy DF OF 
 1 Mike Green               Kevin Shattenkirk        60     1   2  2  
 2 Steve McCarthy           Mark Streit              40     1   2  2  

4 vs 4 Forward 
   Center                   Wing                     Time % Phy DF OF 
 1 David Legwand            Brad Boyes               60     1   2  2  
 2 Antoine Vermette         Ryane Clowe              40     1   2  2  

4 vs 4 Defense
   Defense                  Defense                  Time % Phy DF OF 
 1 Mike Green               Kevin Shattenkirk        60     1   2  2  
 2 Steve McCarthy           Mark Streit              40     1   2  2  

Last Minutes Offensive
   Center                   Left Wing                Right Wing               Defense                  Defense                  
   David Legwand            Ryane Clowe              Brad Boyes               Mike Green               Kevin Shattenkirk        

Last Minutes Defensive
   Center                   Left Wing                Right Wing               Defense                  Defense                  
   David Legwand            Ryane Clowe              Brad Boyes               Mike Green               Kevin Shattenkirk        

Goaltenders
Starting : Cam Ward                 
Backup : Mike Brodeur             

Extra Forwards
Normal : Patrick O'Sullivan, Greg Campbell, T.J. Hensick - PP : Patrick O'Sullivan, Greg Campbell - PK : T.J. Hensick
Extra Defensemen
Normal : Andrej Sekera, Boris Valabik, Steve McCarthy - PP : Andrej Sekera - PK : Boris Valabik, Steve McCarthy
Penalty Shots
David Legwand, Brad Boyes, Antoine Vermette, Ryane Clowe, Greg Campbell

Flyers

5 vs 5 Forward 
   Center                   Left Wing                Right Wing               Time % Phy DF OF 
 1 Jeff Carter              Dany Heatley             Alexei Morozov           40     1   1  3  
 2 Kyle Wellwood            Chris Kreider            Loui Eriksson            40     1   1  3  
 3 Matthew Lombardi         Alex Killorn             Mats Zuccarello          15     0   3  2  
 4 Jeff O'Neill             Rostislav Olesz          Stefan Ruzicka           5      0   3  2  

5 vs 5 Defense 
   Defense                  Defense                                           Time % Phy DF OF 
 1 Jonathan Ericsson        Jeff Woywitka                                     40     0   3  2  
 2 Pavel Kubina             Matt Smaby                                        40     0   3  2  
 3 Nathan Paetsch           Victor Bartley                                    15     0   5  0  
 4 Jonathan Ericsson        Pavel Kubina                                      5      0   3  2  

PowerPlay Forward 
   Center                   Left Wing                Right Wing               Time % Phy DF OF 
 1 Jeff Carter              Dany Heatley             Alexei Morozov           60     0   0  5  
 2 Kyle Wellwood            Chris Kreider            Loui Eriksson            40     0   0  5  

PowerPlay Defense
   Defense                  Defense                                           Time % Phy DF OF 
 1 Jonathan Ericsson        Jeff Woywitka                                     60     0   2  3  
 2 Pavel Kubina             Matt Smaby                                        40     0   3  2  

Penalty Kill 4 Players Forward 
   Center                   Wing                     Time % Phy DF OF 
 1 Matthew Lombardi         Mats Zuccarello          60     0   5  0  
 2 Jeff O'Neill             Rostislav Olesz          40     0   5  0  

Penalty Kill 4 Players Defense
   Defense                  Defense                  Time % Phy DF OF 
 1 Jeff Woywitka            Jonathan Ericsson        60     0   5  0  
 2 Matt Smaby               Nathan Paetsch           40     0   5  0  

Penalty Kill - 3 Players Forward 
   Forward                                           Time % Phy DF OF 
 1 Matthew Lombardi                                  60     0   5  0  
 2 Jeff O'Neill                                      40     0   5  0  

Penalty Kill - 3 Players Defense
   Defense                  Defense                  Time % Phy DF OF 
 1 Jonathan Ericsson        Jeff Woywitka            60     0   5  0  
 2 Nathan Paetsch           Matt Smaby               40     0   5  0  

4 vs 4 Forward 
   Center                   Wing                     Time % Phy DF OF 
 1 Jeff Carter              Dany Heatley             60     1   1  3  
 2 Kyle Wellwood            Loui Eriksson            40     0   2  3  

4 vs 4 Defense
   Defense                  Defense                  Time % Phy DF OF 
 1 Jeff Woywitka            Jonathan Ericsson        60     0   3  2  
 2 Pavel Kubina             Matt Smaby               40     0   3  2  

Last Minutes Offensive
   Center                   Left Wing                Right Wing               Defense                  Defense                  
   Jeff Carter              Dany Heatley             Alexei Morozov           Pavel Kubina             Jonathan Ericsson        

Last Minutes Defensive
   Center                   Left Wing                Right Wing               Defense                  Defense                  
   Matthew Lombardi         Dany Heatley             Loui Eriksson            Jeff Woywitka            Nathan Paetsch           

Goaltenders
Starting : Viktor Fasth             
Backup : Cory Schneider           

Extra Forwards
Normal : Jeff Carter, Kyle Wellwood, Alexei Morozov - PP : Jeff Carter, Kyle Wellwood - PK : Matthew Lombardi
Extra Defensemen
Normal : Jonathan Ericsson, Jeff Woywitka, Pavel Kubina - PP : Pavel Kubina - PK : Jeff Woywitka, Jonathan Ericsson
Penalty Shots
Loui Eriksson, Jeff Carter, Dany Heatley, Kyle Wellwood, Alexei Morozov

% Time on Ice - Sharks

Lines # - Real PCT - Wanted PCT - Time Play
Normal Forward
1 - 34% - 40% - 17:16
2 - 30% - 30% - 14:54
3 - 26% - 20% - 13:04
4 - 10% - 10% - 5:09
Normal Defense
1 - 38% - 40% - 18:59
2 - 31% - 30% - 15:43
3 - 26% - 20% - 13:01
4 - 5% - 10% - 2:40
PP Forward
1 - 52% - 60% - 0:53
2 - 48% - 40% - 0:48
PP Defense
1 - 61% - 60% - 1:02
2 - 39% - 40% - 0:39
PK Forward
1 - 71% - 60% - 5:36
2 - 29% - 40% - 2:20
PK Defense
1 - 56% - 60% - 4:25
2 - 44% - 40% - 3:31
PK3 Forward
1 - 0% - 60%
2 - 0% - 40%
PK3 Defense
1 - 0% - 60%
2 - 0% - 40%
44 Forward
1 - 0% - 60%
2 - 0% - 40%
44 Defense
1 - 0% - 60%
2 - 0% - 40%
Last Minute Offensive  - 0:00
Last Minute Defensive  - 0:00
Total
Forward - 60:00
Defense - 60:00

% Time on Ice - Flyers

Lines # - Real PCT - Wanted PCT - Time Play
Normal Forward
1 - 30% - 40% - 15:19
2 - 32% - 40% - 16:13
3 - 21% - 15% - 10:24
4 - 17% - 5% - 8:27
Normal Defense
1 - 36% - 40% - 17:54
2 - 37% - 40% - 18:29
3 - 25% - 15% - 12:43
4 - 3% - 5% - 1:17
PP Forward
1 - 64% - 60% - 5:07
2 - 36% - 40% - 2:49
PP Defense
1 - 47% - 60% - 3:43
2 - 53% - 40% - 4:13
PK Forward
1 - 90% - 60% - 1:31
2 - 10% - 40% - 0:10
PK Defense
1 - 50% - 60% - 0:51
2 - 50% - 40% - 0:50
PK3 Forward
1 - 0% - 60%
2 - 0% - 40%
PK3 Defense
1 - 0% - 60%
2 - 0% - 40%
44 Forward
1 - 0% - 60%
2 - 0% - 40%
44 Defense
1 - 0% - 60%
2 - 0% - 40%
Last Minute Offensive  - 0:00
Last Minute Defensive  - 0:00
Total
Forward - 60:00
Defense - 60:00

Play by Play

1st period


0:01 of 1st period - David Legwand wins face-off versus Jeff Carter in neutral zone.
0:14 of 1st period - Icing by Jonathan Ericsson.
0:15 of 1st period - Antoine Vermette wins face-off versus Alexei Morozov in Flyers zone.
0:18 of 1st period - Snap shot by Tuomo Ruutu.
0:18 of 1st period - Shot Misses the Net.
0:49 of 1st period - Slapshot by Martin Erat.
0:49 of 1st period - Shot Blocked by Jonathan Ericsson.
1:23 of 1st period - Andrej Sekera is hit by Matt Smaby and loses puck.
1:43 of 1st period - Cal Clutterbuck is hit by Alexei Morozov and loses puck.
1:50 of 1st period - Snap shot by Jeff Carter.
1:50 of 1st period - Stopped by Cam Ward without a rebound.
1:51 of 1st period - Greg Campbell wins face-off versus Kyle Wellwood in Sharks zone.
2:09 of 1st period - Mike Green is hit by Nathan Paetsch and loses puck.
2:48 of 1st period - Snap shot by Antoine Vermette.
2:48 of 1st period - Shot Misses the Net.
2:55 of 1st period - Minor Penalty to Cal Clutterbuck for Holding.
2:56 of 1st period - Jeff Carter wins face-off versus David Legwand in Sharks zone.
4:47 of 1st period - Icing by Pavel Kubina.
4:48 of 1st period - Loui Eriksson wins face-off versus David Legwand in Flyers zone.
4:55 of 1st period - Penalty to Cal Clutterbuck is over, Cal Clutterbuck is back on ice.
5:01 of 1st period - Matt Smaby is hit by Antoine Vermette and loses puck.
6:25 of 1st period - Snap shot by Stefan Ruzicka.
6:25 of 1st period - Shot Misses the Net.
6:47 of 1st period - Mark Streit is hit by Alex Killorn and loses puck.
6:54 of 1st period - Wrist shot by Matthew Lombardi.
6:54 of 1st period - Shot Misses the Net.
6:56 of 1st period - Snap shot by Matthew Lombardi.
6:56 of 1st period - Stopped by Cam Ward with a rebound.
6:58 of 1st period - Slapshot by Matt Smaby.
6:58 of 1st period - Shot Misses the Net.
7:00 of 1st period - Snap shot by Matthew Lombardi.
7:00 of 1st period - Stopped by Cam Ward without a rebound.
7:01 of 1st period - Jeff Carter wins face-off versus Greg Campbell in Sharks zone.
7:25 of 1st period - Icing by Greg Campbell.
7:26 of 1st period - Kyle Wellwood wins face-off versus Greg Campbell in Sharks zone.
7:55 of 1st period - Wrist shot by David Legwand.
7:55 of 1st period - Deflect By Brad Boyes.
7:55 of 1st period - Stopped by Viktor Fasth with a rebound.
7:57 of 1st period - Slapshot by Andrej Sekera.
7:57 of 1st period - Deflect By Ryane Clowe.
7:57 of 1st period - Goal by Ryane Clowe - Sharks : 1 - Flyers : 0.
7:58 of 1st period - David Legwand wins face-off versus Kyle Wellwood in neutral zone.
8:01 of 1st period - Pavel Kubina is hit by Brad Boyes and loses puck.
8:36 of 1st period - Snap shot by Cal Clutterbuck.
8:36 of 1st period - Shot Hit the Post.
8:47 of 1st period - Slapshot by Pavel Kubina.
8:47 of 1st period - Stopped by Cam Ward without a rebound.
8:48 of 1st period - Greg Campbell wins face-off versus Matthew Lombardi in Sharks zone.
8:48 of 1st period - Greg Campbell is hit by Alex Killorn.
8:54 of 1st period - Slapshot by Martin Erat.
8:54 of 1st period - Shot Blocked by Matthew Lombardi.
8:58 of 1st period - Snap shot by Kevin Shattenkirk.
8:58 of 1st period - Deflect By Jonathan Ericsson.
8:58 of 1st period - Stopped by Viktor Fasth without a rebound.
8:59 of 1st period - Kyle Wellwood wins face-off versus David Legwand in Flyers zone.
9:12 of 1st period - Loui Eriksson is hit by David Legwand and loses puck.
9:38 of 1st period - Icing by Mike Green.
9:39 of 1st period - Kyle Wellwood wins face-off versus Antoine Vermette in Sharks zone.
9:42 of 1st period - Snap shot by Kyle Wellwood.
9:42 of 1st period - Stopped by Cam Ward without a rebound.
9:43 of 1st period - David Legwand wins face-off versus Kyle Wellwood in Sharks zone.
9:48 of 1st period - Loui Eriksson is hit by David Legwand and loses puck.
10:13 of 1st period - Wrist shot by Dany Heatley.
10:13 of 1st period - Stopped by Cam Ward without a rebound.
10:14 of 1st period - Alexei Morozov wins face-off versus David Legwand in Sharks zone.
10:35 of 1st period - Off-side.
10:36 of 1st period - Antoine Vermette wins face-off versus Kyle Wellwood in neutral zone.
10:41 of 1st period - Snap shot by Chris Kreider.
10:41 of 1st period - Stopped by Cam Ward without a rebound.
10:42 of 1st period - Kyle Wellwood wins face-off versus Antoine Vermette in Sharks zone.
11:07 of 1st period - Wrist shot by Brad Boyes.
11:07 of 1st period - Stopped by Viktor Fasth without a rebound.
11:08 of 1st period - David Legwand wins face-off versus Jeff Carter in Flyers zone.
11:42 of 1st period - Jonathan Ericsson is hit by Ryane Clowe and loses puck.
12:41 of 1st period - Snap shot by Brad Boyes.
12:41 of 1st period - Stopped by Viktor Fasth with a rebound.
12:43 of 1st period - Wrist shot by Brad Boyes.
12:43 of 1st period - Stopped by Viktor Fasth with a rebound.
12:45 of 1st period - Snap shot by David Legwand.
12:45 of 1st period - Stopped by Viktor Fasth without a rebound.
12:46 of 1st period - Antoine Vermette wins face-off versus Kyle Wellwood in Flyers zone.
13:18 of 1st period - Pavel Kubina is hit by Greg Campbell and loses puck.
13:43 of 1st period - Icing by Nathan Paetsch.
13:44 of 1st period - Greg Campbell wins face-off versus Jeff O'Neill in Flyers zone.
13:51 of 1st period - Wrist shot by Antoine Vermette.
13:51 of 1st period - Deflect By Tuomo Ruutu.
13:51 of 1st period - Shot Blocked by Victor Bartley.
13:51 of 1st period - Puck is out of play.
13:52 of 1st period - Kyle Wellwood wins face-off versus Tuomo Ruutu in Flyers zone.
14:14 of 1st period - Wrist shot by Antoine Vermette.
14:14 of 1st period - Shot Misses the Net.
14:16 of 1st period - Wrist shot by Antoine Vermette.
14:16 of 1st period - Stopped by Viktor Fasth without a rebound.
14:17 of 1st period - Greg Campbell wins face-off versus Matthew Lombardi in Flyers zone.
14:18 of 1st period - Wrist shot by Martin Erat.
14:18 of 1st period - Stopped by Viktor Fasth with a rebound.
15:25 of 1st period - Snap shot by David Legwand.
15:25 of 1st period - Deflect By T.J. Hensick.
15:25 of 1st period - Shot Misses the Net.
15:25 of 1st period - Puck is out of play.
15:26 of 1st period - Jeff O'Neill wins face-off versus Greg Campbell in Flyers zone.
15:37 of 1st period - Slapshot by Matt Smaby.
15:37 of 1st period - Shot Misses the Net.
15:39 of 1st period - Slapshot by Matt Smaby.
15:39 of 1st period - Stopped by Cam Ward with a rebound.
16:01 of 1st period - Slapshot by Stefan Ruzicka.
16:01 of 1st period - Shot Misses the Net.
16:19 of 1st period - Wrist shot by Rostislav Olesz.
16:19 of 1st period - Stopped by Cam Ward without a rebound.
16:20 of 1st period - David Legwand wins face-off versus Kyle Wellwood in Sharks zone.
16:20 of 1st period - David Legwand is hit by Matt Smaby.
16:23 of 1st period - Minor Penalty to Brad Boyes for Goalie Interference.
16:24 of 1st period - David Legwand wins face-off versus Jeff Carter in Sharks zone.
18:23 of 1st period - Penalty to Brad Boyes is over, Brad Boyes is back on ice.
18:39 of 1st period - Snap shot by Greg Campbell.
18:39 of 1st period - Shot Misses the Net.
18:41 of 1st period - Slapshot by Mike Green.
18:41 of 1st period - Goal by Mike Green - Sharks : 2 - Flyers : 0.
18:42 of 1st period - Kyle Wellwood wins face-off versus David Legwand in neutral zone.
18:56 of 1st period - Wrist shot by Ryane Clowe.
18:56 of 1st period - Shot Blocked by Matt Smaby.
19:11 of 1st period - Pavel Kubina is hit by Antoine Vermette and loses puck.
19:31 of 1st period - Icing by Jeff Woywitka.
19:32 of 1st period - Greg Campbell wins face-off versus Matthew Lombardi in Flyers zone.
19:43 of 1st period - Wrist shot by Greg Campbell.
19:43 of 1st period - Shot Misses the Net.
19:45 of 1st period - Slapshot by Mike Green.
19:45 of 1st period - Deflect By Martin Erat.
19:45 of 1st period - Goal by Martin Erat - Sharks : 3 - Flyers : 0.
19:46 of 1st period - Kyle Wellwood wins face-off versus David Legwand in neutral zone.
Goals for this period are 3 for Sharks vs 0 for Flyers.
Shots for this period are 11 for Sharks vs 9 for Flyers.

2nd period


0:01 of 2nd period - Kyle Wellwood wins face-off versus David Legwand in neutral zone.
0:07 of 2nd period - Wrist shot by Chris Kreider.
0:07 of 2nd period - Shot Blocked by Kevin Shattenkirk.
0:09 of 2nd period - Snap shot by Kyle Wellwood.
0:09 of 2nd period - Deflect By Loui Eriksson.
0:09 of 2nd period - Shot Misses the Net.
0:09 of 2nd period - Puck is out of play.
0:10 of 2nd period - David Legwand wins face-off versus Kyle Wellwood in Sharks zone.
0:10 of 2nd period - David Legwand is hit by Kyle Wellwood.
1:49 of 2nd period - Slapshot by Kyle Wellwood.
1:49 of 2nd period - Shot Misses the Net.
3:09 of 2nd period - Ryane Clowe is hit by Chris Kreider and loses puck.
3:42 of 2nd period - Slapshot by Kyle Wellwood.
3:42 of 2nd period - Stopped by Cam Ward with a rebound.
3:44 of 2nd period - Snap shot by Kyle Wellwood.
3:44 of 2nd period - Stopped by Cam Ward without a rebound.
3:45 of 2nd period - Antoine Vermette wins face-off versus Jeff Carter in Sharks zone.
3:50 of 2nd period - Wrist shot by Alexei Morozov.
3:50 of 2nd period - Stopped by Cam Ward without a rebound.
3:51 of 2nd period - Jeff Carter wins face-off versus Antoine Vermette in Sharks zone.
4:22 of 2nd period - Wrist shot by Matthew Lombardi.
4:22 of 2nd period - Shot Blocked by Oskar Osala.
4:24 of 2nd period - Snap shot by Matt Smaby.
4:24 of 2nd period - Shot Misses the Net.
4:26 of 2nd period - Wrist shot by Matthew Lombardi.
4:26 of 2nd period - Stopped by Cam Ward with a rebound.
4:28 of 2nd period - Slapshot by Matt Smaby.
4:28 of 2nd period - Stopped by Cam Ward with a rebound.
5:20 of 2nd period - Andrej Sekera is hit by Mats Zuccarello and loses puck.
5:36 of 2nd period - Minor Penalty to T.J. Hensick for Tripping.
5:37 of 2nd period - Jeff Carter wins face-off versus Antoine Vermette in Sharks zone.
5:45 of 2nd period - Jeff Carter is hit by Antoine Vermette and loses puck.
6:35 of 2nd period - Steve McCarthy is hit by Rostislav Olesz and loses puck.
7:36 of 2nd period - Penalty to T.J. Hensick is over, T.J. Hensick is back on ice.
9:18 of 2nd period - Steve McCarthy is hit by Matt Smaby and loses puck.
11:31 of 2nd period - David Legwand is hit by Stefan Ruzicka and loses puck.
13:19 of 2nd period - Wrist shot by Brad Boyes.
13:19 of 2nd period - Stopped by Viktor Fasth with a rebound.
15:00 of 2nd period - Jeff Woywitka is hit by T.J. Hensick and loses puck.
16:28 of 2nd period - Nathan Paetsch is hit by Mark Streit and loses puck.
16:41 of 2nd period - Ryane Clowe is hit by Mats Zuccarello and loses puck.
17:27 of 2nd period - Troy Brouwer is hit by Kyle Wellwood and loses puck.
17:44 of 2nd period - Snap shot by Mats Zuccarello.
17:44 of 2nd period - Shot Blocked by Kevin Shattenkirk.
18:26 of 2nd period - Antoine Vermette is hit by Victor Bartley and loses puck.
18:41 of 2nd period - Wrist shot by Oskar Osala.
18:41 of 2nd period - Shot Blocked by Matt Smaby.
19:27 of 2nd period - Icing by Brad Boyes.
19:28 of 2nd period - Patrick O'Sullivan wins face-off versus Kyle Wellwood in Sharks zone.
Goals for this period are 0 for Sharks vs 0 for Flyers.
Shots for this period are 1 for Sharks vs 5 for Flyers.

3rd period


0:01 of 3rd period - Jeff Carter wins face-off versus David Legwand in neutral zone.
0:26 of 3rd period - Kevin Shattenkirk is hit by Matt Smaby and loses puck.
0:41 of 3rd period - Tuomo Ruutu is hit by Chris Kreider and loses puck.
0:52 of 3rd period - Kevin Shattenkirk is hit by Mats Zuccarello and loses puck.
1:17 of 3rd period - Troy Brouwer is hit by Rostislav Olesz and loses puck.
2:27 of 3rd period - Slapshot by Mark Streit.
2:27 of 3rd period - Stopped by Viktor Fasth without a rebound.
2:28 of 3rd period - Jeff O'Neill wins face-off versus David Legwand in Flyers zone.
2:43 of 3rd period - Wrist shot by Stefan Ruzicka.
2:43 of 3rd period - Stopped by Cam Ward with a rebound.
2:45 of 3rd period - Slapshot by Jonathan Ericsson.
2:45 of 3rd period - Stopped by Cam Ward without a rebound.
2:46 of 3rd period - Jeff Carter wins face-off versus Antoine Vermette in Sharks zone.
3:50 of 3rd period - Snap shot by T.J. Hensick.
3:50 of 3rd period - Stopped by Viktor Fasth without a rebound.
3:51 of 3rd period - Jeff Carter wins face-off versus David Legwand in Flyers zone.
3:55 of 3rd period - Minor Penalty to Boris Valabik for Holding.
3:56 of 3rd period - Jeff Carter wins face-off versus David Legwand in Sharks zone.
4:00 of 3rd period - Wrist shot by Jeff Carter.
4:00 of 3rd period - Shot Misses the Net.
4:29 of 3rd period - Wrist shot by Chris Kreider.
4:29 of 3rd period - Stopped by Cam Ward without a rebound.
4:30 of 3rd period - Antoine Vermette wins face-off versus Kyle Wellwood in Sharks zone.
5:55 of 3rd period - Penalty to Boris Valabik is over, Boris Valabik is back on ice.
6:06 of 3rd period - Snap shot by Rostislav Olesz.
6:06 of 3rd period - Shot Misses the Net.
6:08 of 3rd period - Slapshot by Victor Bartley.
6:08 of 3rd period - Deflect By Jeff O'Neill.
6:08 of 3rd period - Stopped by Cam Ward with a rebound.
6:26 of 3rd period - Tuomo Ruutu is hit by Nathan Paetsch.
6:56 of 3rd period - Alexei Morozov is hit by Martin Erat and loses puck.
7:34 of 3rd period - Wrist shot by Mats Zuccarello.
7:34 of 3rd period - Stopped by Cam Ward with a rebound.
7:40 of 3rd period - Mats Zuccarello is hit by Cal Clutterbuck and loses puck.
8:27 of 3rd period - Slapshot by Pavel Kubina.
8:27 of 3rd period - Deflect By Boris Valabik.
8:27 of 3rd period - Stopped by Cam Ward without a rebound.
8:28 of 3rd period - Kyle Wellwood wins face-off versus David Legwand in Sharks zone.
8:29 of 3rd period - Backhand shot by Chris Kreider.
8:29 of 3rd period - Shot Misses the Net.
8:47 of 3rd period - Slapshot by Jonathan Ericsson.
8:47 of 3rd period - Deflect By Cal Clutterbuck.
8:47 of 3rd period - Stopped by Cam Ward with a rebound.
8:49 of 3rd period - Wrist shot by Jeff Carter.
8:49 of 3rd period - Stopped by Cam Ward without a rebound.
8:50 of 3rd period - Antoine Vermette wins face-off versus Jeff Carter in Sharks zone.
9:45 of 3rd period - Nathan Paetsch is hit by Martin Erat and loses puck.
11:19 of 3rd period - Snap shot by Jeff Carter.
11:19 of 3rd period - Shot Misses the Net.
11:21 of 3rd period - Slapshot by Pavel Kubina.
11:21 of 3rd period - Shot Blocked by Boris Valabik.
11:23 of 3rd period - Snap shot by Jeff Carter.
11:23 of 3rd period - Stopped by Cam Ward with a rebound.
11:27 of 3rd period - Wrist shot by Jeff Carter.
11:27 of 3rd period - Stopped by Cam Ward with a rebound.
11:57 of 3rd period - Oskar Osala is hit by Jeff O'Neill and loses puck.
12:13 of 3rd period - Icing by Stefan Ruzicka.
12:14 of 3rd period - Antoine Vermette wins face-off versus Matthew Lombardi in Flyers zone.
13:52 of 3rd period - Snap shot by Mats Zuccarello.
13:52 of 3rd period - Shot Misses the Net.
13:54 of 3rd period - Wrist shot by Alex Killorn.
13:54 of 3rd period - Stopped by Cam Ward with a rebound.
14:04 of 3rd period - Slapshot by Jeff Carter.
14:04 of 3rd period - Stopped by Cam Ward without a rebound.
14:05 of 3rd period - Jeff Carter wins face-off versus Tuomo Ruutu in Sharks zone.
14:18 of 3rd period - Wrist shot by Cal Clutterbuck.
14:18 of 3rd period - Deflect By Jeff Carter.
14:18 of 3rd period - Stopped by Viktor Fasth with a rebound.
14:30 of 3rd period - Snap shot by Jeff Carter.
14:30 of 3rd period - Goal by Jeff Carter - Sharks : 3 - Flyers : 1.
14:31 of 3rd period - David Legwand wins face-off versus Jeff Carter in neutral zone.
14:35 of 3rd period - Off-side.
14:36 of 3rd period - Dany Heatley wins face-off versus David Legwand in neutral zone.
15:26 of 3rd period - Wrist shot by Martin Erat.
15:26 of 3rd period - Stopped by Viktor Fasth with a rebound.
16:15 of 3rd period - Icing by Boris Valabik.
16:16 of 3rd period - Jeff O'Neill wins face-off versus David Legwand in Sharks zone.
16:29 of 3rd period - Andrej Sekera is hit by Matt Smaby.
16:50 of 3rd period - Wrist shot by Dany Heatley.
16:50 of 3rd period - Shot Misses the Net.
17:26 of 3rd period - Wrist shot by Brad Boyes.
17:26 of 3rd period - Shot Misses the Net.
17:28 of 3rd period - Slapshot by Ryane Clowe.
17:28 of 3rd period - Shot Misses the Net.
17:30 of 3rd period - Wrist shot by David Legwand.
17:30 of 3rd period - Shot Misses the Net.
17:40 of 3rd period - Antoine Vermette is hit by Jonathan Ericsson and loses puck.
18:16 of 3rd period - Snap shot by David Legwand.
18:16 of 3rd period - Shot Misses the Net.
18:18 of 3rd period - Minor Penalty to Victor Bartley for Hooking.
18:19 of 3rd period - Matthew Lombardi wins face-off versus David Legwand in Flyers zone.
18:30 of 3rd period - Snap shot by Brad Boyes.
18:30 of 3rd period - Shot Misses the Net.
18:32 of 3rd period - Snap shot by David Legwand.
18:32 of 3rd period - Shot Blocked by Jonathan Ericsson.
18:34 of 3rd period - Wrist shot by David Legwand.
18:34 of 3rd period - Shot Blocked by Jeff Woywitka.
Goals for this period are 0 for Sharks vs 1 for Flyers.
Shots for this period are 4 for Sharks vs 13 for Flyers.